 Dungeon Crawl Stone Soup version 0.27-a0-1119-gbf574a6a6b (webtiles) character file.

Game seed: 871895128081059836

384 Zeld the Chucker (level 6, -4/42 HPs)
             Began as an Octopode Fighter on May 2, 2021.
             Slain by a gnoll
             ... wielding a +0 halberd
              (15 damage)
             ... on level 4 of the Dungeon.
             The game lasted 00:04:22 (6603 turns).

Zeld the Chucker (Octopode Fighter)                 Turns: 6603, Time: 00:04:22

Health: -4/42      AC:  1    Str: 18    XL:     6   Next: 77%
Magic:  6/6        EV: 11    Int: 10    God:
Gold:   234        SH:  9    Dex: 11    Spells: 5/5 levels left

rFire    + . .     SeeInvis .   a - +0 war axe
rCold    . . .     Faith    .   b - +0 kite shield
rNeg     . . .     Spirit   .   (helmet restricted)
rPois    .         Reflect  .   (no amulet)
rElec    .         Harm     .   (no ring)
rCorr    .         Rampage  .   (no ring)
Will     .....     Clarity  +   (no ring)
Stlth    ++........             (no ring)
HPRegen  0.14/turn              (no ring)
MPRegen  0.10/turn              (no ring)
                                (no ring)
                                (no ring)

@: no status effects
A: almost no armour, amphibious, 8 rings, camouflage 1, gelatinous body 1,
(nimble swimmer 1), tentacles, clarity, fire resistance 1
a: no special abilities


You were on level 4 of the Dungeon.
You visited 2 branches of the dungeon, and saw 5 of its levels.

You collected 234 gold pieces.

Inventory:

Hand Weapons
 a - a +0 war axe (weapon)
Missiles
 h - 9 boomerangs
 i - 32 poisoned darts (quivered)
 j - 3 javelins
Armour
 b - a +0 kite shield (worn)
Scrolls
 d - a scroll of amnesia {unknown}
 f - a scroll of blinking {unknown}
 g - a scroll of immolation {unknown}
 k - a scroll of torment {unknown}
 l - a scroll of enchant weapon {unknown}
 m - 3 scrolls of enchant armour {unknown}
 o - a scroll of identify {unknown}
 q - a scroll of magic mapping {unknown}
 r - a scroll of teleportation {unknown}
Potions
 c - a potion of might
 e - a potion of haste {unknown}
 n - a potion of heal wounds {unknown}
 p - a potion of ambrosia {unknown}


   Skills:
 - Level 3.4 Fighting
 - Level 2.5 Axes
 * Level 5.8 Throwing
 - Level 3.0 Dodging
 - Level 3.4 Shields


You had 5 spell levels left.
You didn't know any spells.
Your spell library contained the following spells:

 Spells                   Type           Power      Damage    Failure   Level
 Freeze                   Ice            0%         1d3       86%         1
 Frozen Ramparts          Ice            0%         1d2       99%         3
 Ozocubu's Armour         Ice            0%         N/A       99%         3
 Hailstorm                Conj/Ice       0%         3d3       100%        4
 Metabolic Englaciation   Hex/Ice        0%         N/A       100%        5


Dungeon Overview and Level Annotations

Branches:
Dungeon (4/15)             Temple (1/1) D:4

Altars:
Ashenzari
Cheibriados
Dithmenos
Elyvilon
Fedhas
Gozag
Hepliaklqana
Kikubaaqudgha
Makhleb
Nemelex Xobeh
Qazlal
Sif Muna
Trog
Uskayaw
Vehumet
Xom
Zin
The Shining One

Annotations:
D:3 3 runed translucent doors, Demosthentine's ghost, amateur MfGl


Innate Abilities, Weirdness & Mutations

You cannot wear most types of armour.
You are amphibious.
You can wear up to eight rings at the same time.
Your skin changes colour to match your surroundings (Stealth+).
Your rubbery body absorbs attacks. (AC +1, EV +1)
((You are camouflaged near water. (Stealth+)))
You have tentacles for arms and can constrict up to eight enemies at once.
You possess an exceptional clarity of mind.
Your flesh is heat resistant. (rF+)


Message History

The worm is moderately wounded.
You constrict the worm. The worm bites you.
You are too injured to fight recklessly!
You are too injured to fight recklessly!
You hit the worm.
The worm is heavily wounded.
You constrict the worm. You block the worm's attack.
You completely miss the worm. You squeeze the worm, but do no damage.
The worm is almost dead.
You constrict the worm.
You kill the worm!
Things that are here:
a +0 whip; a worm corpse You start resting.
You start resting.
You start resting.
HP restored.
There is a stone staircase leading down, spattered with blood here.
You climb downwards.
There is a stone staircase leading up, spattered with blood here.
A gnoll is nearby!
A gnoll is nearby!
A gnoll is nearby!
Found 21 bolts.
You block the gnoll's attack. The gnoll barely misses you.
You barely miss the gnoll. Your grab misses the gnoll.
The gnoll hits you with a +0 halberd! x2
You hit the gnoll. Your grab misses the gnoll.
The gnoll is moderately wounded.
You block the gnoll's attack. The gnoll hits you with a +0 halberd!
* * * LOW HITPOINT WARNING * * *
You are too injured to fight recklessly!
You are too injured to fight recklessly!
You are too injured to fight recklessly!
You hit the gnoll. You grab the gnoll.
The gnoll is moderately wounded.
You constrict the gnoll, but do no damage.
The gnoll hits you with a +0 halberd!
You die...

#...........##...#............
#...............###.......##..
#.........................#...
##.............##...#.........
##...............#.##....#..##
.###.g.........................##
...g.............).<....###...###
.........................##).....
................@.......##..###.#
........###....g#........#..# ###
.....##..##.....#.......###.# ##
...####............###....... #.
... #[.......##... ####.#.. ..
#.. ............# ###.>##. ......
#..(. ..... ...... #..... .....
#.


You could see a gnoll.

Vanquished Creatures
  A water moccasin skeleton (D:4)
  A hound (D:4)
  An orc priest (D:3)
  A centaur skeleton (D:4)
  Jessica (D:3)
  Natasha (twice) (D:2)
  A hound skeleton (D:4)
  6 gnolls
  2 adders
  3 worms
  A dart slug (D:1)
  3 orcs (D:4)
  4 ball pythons
  5 endoplasms
  2 giant cockroaches
  10 hobgoblins
  7 jackals (D:1)
  4 quokkas
  10 bats
  4 frilled lizards
  2 goblins
  5 kobolds
  4 rats
80 creatures vanquished.

Notes
Turn   | Place    | Note
-------+----------+-------------------------------------------
     0 | D:1      | Zeld the Octopode Fighter began the quest for the Orb.
     0 | D:1      | Reached XP level 1. HP: 16/16 MP: 1/1
   105 | D:3      | Noticed Jessica
   110 | D:3      | Killed Jessica
   111 | D:3      | Reached XP level 2. HP: 21/21 MP: 2/2
   111 | D:3      | Reached XP level 3. HP: 26/26 MP: 3/3
   324 | D:4      | Found a staircase to the Ecumenical Temple.
   367 | Temple   | Entered the Ecumenical Temple
   588 | D:1      | Found a faded altar of an unknown god.
   731 | D:1      | Reached skill level 1 in Throwing
  1292 | D:1      | Reached XP level 4. HP: 26/31 MP: 4/4
  1293 | D:1      | Reached skill level 2 in Throwing
  2577 | D:2      | Reached skill level 3 in Throwing
  2894 | D:2      | Noticed Natasha
  2897 | D:2      | Killed Natasha
  2898 | D:2      | Reached XP level 5. HP: 9/36 MP: 5/5
  2898 | D:2      | Gained mutation: You are dopey. (Int -2) [potion of
                  | mutation]
  2898 | D:2      | Lost mutation: You are dopey. (Int -2) [potion of mutation]
  2898 | D:2      | Gained mutation: Your flesh is heat resistant. (rF+)
                  | [potion of mutation]
  2898 | D:2      | Gained mutation: You possess an exceptional clarity of
                  | mind. [potion of mutation]
  3379 | D:2      | You fall into a shaft and drop 1 floor!
  3583 | D:2      | Noticed Natasha
  3595 | D:2      | Killed Natasha
  3596 | D:2      | Reached skill level 4 in Throwing
  3882 | D:3      | Found a runed translucent gate.
  3884 | D:3      | Found a runed translucent gate.
  3885 | D:3      | Found a runed translucent gate.
  3887 | D:3      | Noticed Demosthentine's ghost (amateur MfGl)
  3887 | D:3      | Noticed a kobold brigand
  4104 | D:3      | HP: 1/36 [orc priest/divine providence (14)]
  4772 | D:3      | Reached XP level 6. HP: 22/42 MP: 6/6
  5325 | D:4      | Reached skill level 5 in Throwing
  6603 | D:4      | Slain by a gnoll

Illustrated notes

Levels and vault maps discovered:
D:1:      dpeg_arrival_castle, layout_basic,
          hellmonk_ecumenical_altar_arch_garden
D:2:      layout_loops_cross, uniq_natasha
D:3:      layout_basic, gammafunk_ghost_nasty_kobolds, uniq_jessica
D:4:      layout_cave_pools, minmay_temple_entry_enclosed_plants
Temple:   hc_temple_tempest_star

Skill      XL: |  1  2  3  4  5  6 |
---------------+-------------------+-----
Throwing       | 1 3 4 5 |  5.8
Fighting       | |  3.4
Axes           | |  2.5
Dodging        | |  3.0
Shields        | |  3.4

Action                   |  1- 3 |  4- 6 || total
-------------------------+-------+-------++-------
Melee: War axe           |    38 |   102 ||   140
       Constrict         |    12 |    20 ||    32
       Tentacles         |     7 |    21 ||    28
       Unarmed           |       |     5 ||     5
Throw: Dart              |     1 |       ||     1
  Use: Potion            |       |     2 ||     2
 Stab: Sleeping          |     4 |     9 ||    13
       Confused          |       |     1 ||     1
Armor: Skin              |     3 |    17 ||    20
Dodge: Dodged            |    24 |    65 ||    89
Block: Kite shield       |    24 |    50 ||    74

Table legend: (Time is in decaauts)
 A = Elapsed time spent in this place.
 B = Non-inter-level travel time spent in this place.
 C = Inter-level travel time spent in this place.
 D = Time resting spent in this place.
 E = Time spent auto-exploring this place.
 F = Levels seen in this place.
 G = Mean time per level.
                   A        B        C        D        E       F      G
               +--------+--------+--------+--------+--------+-----+--------+
         Total |   6700 |   6384 |    316 |   2970 |   2730 |   5 | 1340.0 |
       Dungeon |   6592 |   6287 |    305 |   2970 |   2634 |   4 | 1648.0 |
        Temple |    108 |     97 |     11 |      0 |     96 |   1 |  108.0 |
               +--------+--------+--------+--------+--------+-----+--------+

Top non-repeatable levels by time:
     D:1: 1976 daAuts
     D:3: 1896 daAuts
     D:2: 1380 daAuts
     D:4: 1339 daAuts
  Temple: 108 daAuts
